 Dungeon Crawl Stone Soup version 0.29-a0-321-gf1c400731a (webtiles) character file.

Game seed: 3211360108937340952

9 Flugslaktarn the Vexing (level 2, -4/23 HPs)
             Began as a Palentonga Enchanter on Apr 2, 2022.
             Slain by a gnoll
             ... wielding a +0 flail
              (8 damage)
             ... on level 2 of the Dungeon.
             The game lasted 00:00:47 (161 turns).

Flugslaktarn the Vexing (Palentonga Enchanter)       Turns: 161, Time: 00:00:48

Health: -4/23      AC:  4    Str: 11    XL:     2   Next: 6%
Magic:  5/5        EV:  9    Int: 15    God:
Gold:   32         SH:  0    Dex: 10    Spells: 5/5 levels left

rFire   . . .      SeeInvis +   a - +1 dagger
rCold   . . .      Faith    .   (no shield)
rNeg    . . .      Spirit   .   b - +0 robe
rPois   .          Reflect  .   (no helmet)
rElec   .          Harm     .   (no cloak)
rCorr   .          Rampage  .   (no gloves)
Will    .....                   (no barding)
Stlth   ++........              (no amulet)
HPRegen 0.07/turn               (no ring)
MPRegen 0.09/turn               (no ring)

@: invisible
A: large, rugged brown scales 3, see invisible, deformed body, roll 1, armoured
tail
a: Rolling Charge


You were on level 2 of the Dungeon.
You visited 1 branch of the dungeon, and saw 2 of its levels.

You collected 32 gold pieces.

Inventory:

Hand Weapons
 a - a +1 dagger (weapon)
Missiles
 d - 7 poisoned darts
Armour
 b - a +0 robe (worn)
Scrolls
 e - a scroll of blinking {unknown}
 g - a scroll of enchant weapon {unknown}
Potions
 c - a potion of invisibility
 f - 2 potions of berserk rage {unknown}


   Skills:
 + Level 1.7 Fighting
 - Level 1.0 Short Blades
 - Level 1.5 Dodging
 - Level 2.0 Stealth
 - Level 2.0 Spellcasting
 - Level 3.0 Hexes


You had 5 spell levels left.
You didn't know any spells.
Your spell library contained the following spells:

 Spells                   Type           Power      Damage    Failure   Level
 Ensorcelled Hibernation  Hex/Ice        12%        N/A       19%         2
 Confusing Touch          Hex            10%        N/A       19%         3
 Tukima's Dance           Hex            10%        N/A       19%         3
 Dazzling Flash           Conj/Hex       12%        N/A       34%         3


Dungeon Overview and Level Annotations

Branches:
Dungeon (2/15)

Altars:


Innate Abilities, Weirdness & Mutations

You are completely covered in rugged brown scales. (AC +3, +7% HP)
You have supernaturally acute eyesight. (SInv)
Armour fits poorly on your strangely shaped body.
You can roll at nearby foes to attack.
You have a long armoured tail.


Message History

You hit the endoplasm but do no damage.
The endoplasm is heavily wounded.
The endoplasm closely misses you.
You hit the endoplasm.
You kill the endoplasm!
d - 7 poisoned darts (gained 5)
e - a scroll labelled WERICZYOCOT A rat comes into view.
You hit the rat.
You kill the rat!
No target in view!
You see here a rat corpse.
There is a stone staircase leading down here.
You climb downwards.
The ball python barely misses you. The ball python closely misses you.
There is a stone staircase leading up here.
You closely miss the ball python.
Your tail-slap misses the ball python.
The ball python closely misses you.
You hit the ball python.
Your tail-slap misses the ball python.
The ball python is moderately wounded.
The ball python bites you but does no damage.
You closely miss the ball python.
The ball python is moderately wounded.
The ball python bites you.
You barely miss the ball python.
The ball python is moderately wounded.
The ball python bites you but does no damage.
You closely miss the ball python.
The ball python is moderately wounded.
The ball python bites you but does no damage.
The ball python barely misses you.
You hit the ball python.
You kill the ball python!
Found 16 gold pieces.
Roll where?
Press: ? - help, Dir - move target, f - bat
Aim: a bat You roll forward with a clatter of scales!
You hit the bat.
The bat is severely wounded.
The bat closely misses you.
You hit the bat.
The bat is severely wounded.
The bat hits you but does no damage.
Roll where?
Press: ? - help, Dir - move target, f/p - bat
Aim: a bat (severely wounded)
You roll forward with a clatter of scales!
You hit the bat.
You kill the bat!
You hit the giant cockroach.
The giant cockroach is heavily wounded.
The giant cockroach closely misses you.
You hit the giant cockroach but do no damage.
You tail-slap the giant cockroach.
You kill the giant cockroach!
You have reached level 2!
f - 2 viscous inky potions You see here a giant cockroach corpse.
Found 18 stones.
You now have 32 gold pieces (gained 16).
A bat comes into view.
The bat closely misses you.
Found a scroll labelled CATOME GOEGUO.
The bat barely misses you.
You miss the bat. The bat completely misses you. The bat closely misses you.
The bat hits you but does no damage.
You hit the bat.
You kill the bat!
No target in view! 2 gnolls come into view.
Found a robe.
A gnoll comes into view. It is wielding a +2 flail of venom.
The gnoll shouts!
A gnoll comes into view. It is wielding a +0 spear.
The gnoll shouts!
An endoplasm comes into view.
The gnoll hits you but does no damage.
You see here a scroll labelled CATOME GOEGUO.
g - a scroll labelled CATOME GOEGUO The endoplasm quivers.
A goblin comes into view. It is wielding a +0 club.
The gnoll hits you from afar with a +0 spear.
The gnoll attacks as you move away! The gnoll hits you but does no damage.
The gnoll attacks as you move away! The gnoll hits you with a +0 flail.
You fade into invisibility!
The gnoll hits you with a +0 flail. The gnoll closely misses you.
You hit the gnoll.
The gnoll is lightly wounded.
The gnoll hits you with a +0 flail.
You hit the gnoll.
The gnoll is moderately wounded.
The gnoll closely misses you.
You hit the gnoll but do no damage. You tail-slap the gnoll.
The gnoll is moderately wounded.
The gnoll hits you with a +0 flail.
* * * LOW HITPOINT WARNING * * *
You hit the gnoll but do no damage. You tail-slap the gnoll.
The gnoll is heavily wounded.
The gnoll hits you with a +0 flail!
You die...

. ##. ..#g.##
#.[....##
........# #...####
##.....# ###.#.# .
#.gJ######.#
##.gg@.....#
##g###..### .#
####.†....# #.#
#.....###.# ..#
#.###.....###.####
# ####..........
##.....## ##..(.#
##.#..#


You could see 4 gnolls and an endoplasm.

Vanquished Creatures
  2 endoplasms (D:1)
  A giant cockroach (D:2)
  A quokka (D:2)
  2 ball pythons
  2 bats (D:2)
  2 rats (D:1)
10 creatures vanquished.

Notes
Turn   | Place    | Note
-------+----------+-------------------------------------------
     0 | D:1      | Flugslaktarn the Palentonga Enchanter began the quest for
                  | the Orb.
     0 | D:1      | Reached XP level 1. HP: 13/13 MP: 3/3
    32 | D:1      | Reached skill level 1 in Fighting
   114 | D:2      | Reached XP level 2. HP: 17/23 MP: 5/5
   161 | D:2      | Slain by a gnoll

Illustrated notes

Levels and vault maps discovered:
D:1:      dpeg_arrival_tiny_a, layout_loops_cross
D:2:      layout_rooms, hellmonk_ecumenical_altar_blasted,
          kennysheep_generic_room_10, uniq_robin, uniq_crazy_yiuf_cottage

Skill      XL: |  1 |
---------------+----+-----
Fighting       | 1 |  1.7
Short Blades   | |  1.0
Dodging        | |  1.5
Stealth        | |  2.0
Spellcasting   | |  2.0
Hexes          | |  3.0

Action                   || total
-------------------------++-------
Melee: Dagger            ||    31
       Tailslap          ||     3
 Abil: Rolling Charge    ||     3
  Use: Potion            ||     1
 Stab: Sleeping          ||     1
Armor: Robe              ||    12
Dodge: Dodged            ||    17

Table legend: (Time is in decaauts)
 A = Elapsed time spent in this place.
 B = Non-inter-level travel time spent in this place.
 C = Inter-level travel time spent in this place.
 D = Time resting spent in this place.
 E = Time spent auto-exploring this place.
 F = Levels seen in this place.
 G = Mean time per level.
                   A        B        C        D        E       F      G
               +--------+--------+--------+--------+--------+-----+--------+
         Total |    160 |    160 |      0 |      0 |      0 |   2 |   80.0 |
       Dungeon |    160 |    160 |      0 |      0 |      0 |   2 |   80.0 |
               +--------+--------+--------+--------+--------+-----+--------+

Top non-repeatable levels by time:
     D:2: 86 daAuts
     D:1: 74 daAuts
